 Dungeon Crawl Stone Soup version 0.20.1-1-g8b1a95d (webtiles) character file.

54 n0claF the Caller (level 3, -5/19 HPs)
             Began as a Deep Elf Summoner on Oct 27, 2017.
             Was an Initiate of the Shining One.
             Slain by an ogre
             ... wielding a +0 giant spiked club
              (24 damage)
             ... on level 3 of the Dungeon.
             The game lasted 00:07:28 (2064 turns).

n0claF the Caller (Deep Elf Summoner)               Turns: 2064, Time: 00:07:29

Health: -5/19      AC:  2    Str:  5    XL:     3   Next: 66%
Magic:  8/10       EV: 13    Int: 20    God:    the Shining One [......]
Gold:   39         SH:  0    Dex: 15    Spells: 3/9 levels left

rFire    . . .     SeeInvis .   (no weapon)
rCold    . . .     Gourm    .   (no shield)
rNeg     . . .     Faith    .   a - +0 robe
rPois    .         Spirit   .   (no helmet)
rElec    .         Reflect  .   (no cloak)
rCorr    .         Harm     .   (no gloves)
MR       .....                  (no boots)
Stlth    +.........             (no amulet)
Regen    0.1/turn               (no ring)
MPRegen  0.2/turn               (no ring)

@: glowing
A: no striking features
a: Renounce Religion


You were on level 3 of the Dungeon.
You worshipped the Shining One.
The Shining One was noncommittal.
You were hungry.

You visited 1 branch of the dungeon, and saw 3 of its levels.

You collected 39 gold pieces.

Inventory:

Armour
 a - a +0 robe (worn)
Scrolls
 e - a scroll of immolation {unknown}
 g - a scroll of magic mapping {unknown}
 i - a scroll of teleportation {unknown}
 j - a scroll of enchant weapon {unknown}
 k - a scroll of amnesia {unknown}
 l - 2 scrolls of identify {unknown}
Potions
 d - a potion of haste {unknown}
 f - 4 potions of curing {unknown}
 h - a potion of mutation {unknown}
 m - a potion of heal wounds {unknown}
Books
 b - a book of Callings

   Spells                             Type                      Level
   a - Summon Small Mammal            Summoning                    1
   b - Call Imp                       Summoning                    2
   c - Call Canine Familiar           Summoning                    3
   d - Summon Guardian Golem          Hexes/Summoning              3
   e - Summon Lightning Spire         Summoning/Air                4
   f - Summon Ice Beast               Ice/Summoning                4
Comestibles
 c - 3 bread rations
 n - a meat ration


   Skills:
 + Level 0.1 Fighting
 + Level 2.5 Dodging
 + Level 2.8 Stealth
 + Level 3.9 Spellcasting
 + Level 5.2 Summonings


You had 3 spell levels left.
You knew the following spells:

 Your Spells              Type           Power        Failure   Level  Hunger
a - Summon Small Mammal   Summ           ####         1%          1    None
b - Call Imp              Summ           ####....     2%          2    ##.....
c - Call Canine Familiar  Summ           ####....     4%          3    ###....


Dungeon Overview and Level Annotations

Branches:
Dungeon (3/15)

Altars:
The Shining One


Message History

Press: ? - help, Dir - move target cursor, f - ogre
Aim: an ogre, wielding a giant spiked club Attack!
The ogre misses your bat.
Your bat hits the ogre. Your bat hits the ogre.
The ogre hits your hound but does no damage.
Your hound bites the ogre but does no damage.
Your bat hits the ogre.
Your hound bites the ogre.
Your bat hits the ogre but does no damage.
Your bat hits the ogre but does no damage.
Your hound bites the ogre.
The ogre barely misses your hound.
Your hound bites the ogre.
Your bat hits the ogre.
Your hound bites the ogre.
The ogre hits your hound with a giant spiked club!!
Your hound dies!
Your hound's corpse disappears in a puff of smoke!
Your bat hits the ogre but does no damage.
Your bat hits the ogre but does no damage.
The ogre hits you with a giant spiked club!!
Ouch! That really hurt!
You die...

#########
#.......#
####.......####
............... .#
####.......#####.#
.(....O@r.........
....b.##.........#
..... #..........
.... #..........
... #.......... ..
#.........# #
#.........# ..
#.........# #..
#####.........#


You could see an ogre, a friendly quokka and a friendly bat.

Vanquished Creatures (collateral kills)
  3 adders (D:2)
  A gnoll (D:1)
  2 leopard geckos (D:1)
  A ball python (D:1)
  5 bats
  5 giant cockroaches
  5 goblins
  11 hobgoblins
  6 kobolds (D:2)
  3 quokkas (D:2)
  4 frilled lizards
  6 rats
52 creatures vanquished.

Notes
Turn   | Place    | Note
-------+----------+-------------------------------------------
     0 | D:1      | n0claF the Deep Elf Summoner began the quest for the Orb.
     0 | D:1      | Reached XP level 1. HP: 10/10 MP: 6/6
   166 | D:1      | Reached XP level 2. HP: 15/15 MP: 5/8
   170 | D:1      | Learned a level 2 spell: Call Imp
   635 | D:1      | Reached skill level 5 in Summonings
   901 | D:1      | You fall through a shaft!
  1358 | D:2      | Reached XP level 3. HP: 19/19 MP: 7/10
  1363 | D:2      | Learned a level 3 spell: Call Canine Familiar
  1666 | D:2      | Found a glowing golden altar of the Shining One.
  1671 | D:2      | Became a worshipper of the Shining One
  2057 | D:3      | Noticed an ogre
  2064 | D:3      | Slain by an ogre

Skill      XL: |  1  2 |
---------------+-------+-----
Summonings     | 5 |  5.2
Fighting       | |  0.1
Dodging        | |  2.5
Stealth        | |  2.8
Spellcasting   | |  3.9

Action                   || total
-------------------------++-------
Melee: Unarmed           ||     2
 Cast: Summon Small Mamm ||    34
       Call Imp          ||    20
       Call Canine Famil ||     9
  Eat: Chunk             ||     4
Armor: Robe              ||    11
Dodge: Dodged            ||    71
